PBL
NEW YORK METS @ LOS ANGELES DODGERS
03/19/2071
 
TOP OF THE 1ST
New York Mets batting - Pitching for Los Angeles Dodgers : RHP Bo Miller
Pitching: RHP Bo Miller
Batting: RHB David López 0-0: Called Strike
0-1: Ball
1-1: Foul Ball, location: 5DF
1-2: SINGLE (Groundball, 5D, EV 96.9 MPH)
Batting: LHB Gustavo Costello 0-0: Called Strike
0-1: Ball
1-1: Ball
2-1: Ball
Passed Ball!
David López to second
3-1: Bunted foul
3-2: Fly out, F3 (Line Drive, 3, EV 71.3 MPH)
Batting: RHB Rich Stairs 0-0: Ball
1-0: DOUBLE (Flyball, 8RXD, EV 111.9 MPH)
David López scores
Batting: LHB Bob Mack 0-0: Ball
1-0: Called Strike
1-1: Ball
2-1: Ground out 6-3 (Groundball, 6MD, EV 96.3 MPH)
Rich Stairs to third
Batting: RHB Yoriyuki Iwata 0-0: Called Strike
0-1: Ball
1-1: Foul Ball, location: 3F
1-2: Fly out, F8 (Flyball, 89M, EV 88.8 MPH)
Top of the 1st over - 1 run, 2 hits, 0 errors, 1 left on base; New York 1 - Los Angeles 0
BOTTOM OF THE 1ST
Los Angeles Dodgers batting - Pitching for New York Mets : RHP James Reeves
Pitching: RHP James Reeves
Batting: RHB Emílio Méndez 0-0: Foul Ball, location: 23FF
0-1: Called Strike
0-2: Ball
1-2: Ground out 5-3 (Groundball, 56, EV 90.6 MPH)
Batting: RHB Enrique Castillo 0-0: Swinging Strike
0-1: Ball
1-1: Ball
2-1: Ground out 6-3 (Groundball, 6, EV 83.1 MPH)
Batting: RHB Andrés Ortíz 0-0: Called Strike
0-1: Swinging Strike
0-2: Ball
1-2: Foul Ball, location: 2F
1-2: Fly out, F9 (Flyball, 9LS, EV 73.1 MPH)
Bottom of the 1st over - 0 runs, 0 hits, 0 errors, 0 left on base; New York 1 - Los Angeles 0
TOP OF THE 2ND
New York Mets batting - Pitching for Los Angeles Dodgers : RHP Bo Miller
Batting: LHB Pablo Sánchez 0-0: Swinging Strike
0-1: Foul Ball, location: 2F
0-2: Ball
1-2: Foul Ball, location: 2F
1-2: Foul Ball, location: 7LDF
1-2: Foul Ball, location: 3F
1-2: Fly out, F7 (Flyball, 78M, EV 98.1 MPH)
Batting: RHB Jack McConnell 0-0: Called Strike
0-1: Ball
1-1: Ball
2-1: Foul Ball, location: 2F
2-2: Foul Ball, location: 9LDF
2-2: Fly out, F8 (Flyball, 8LD, EV 103.1 MPH)
Batting: RHB Jerome Morales 0-0: Ball
1-0: Ground out 5-3 (Groundball, 5, EV 93.8 MPH)
Top of the 2nd over - 0 runs, 0 hits, 0 errors, 0 left on base; New York 1 - Los Angeles 0
BOTTOM OF THE 2ND
Los Angeles Dodgers batting - Pitching for New York Mets : RHP James Reeves
Batting: LHB Marcos Miró 0-0: Fly out, F9 (Flyball, 9LS, EV 80.0 MPH)
Batting: RHB Anastasio Barrera 0-0: Ball
1-0: Ball
2-0: Foul Ball, location: 9LSF
2-1: Ball
3-1: Base on Balls
Batting: RHB Christian Gibbons 0-0: Ball
1-0: Ball
2-0: Called Strike
2-1: Swinging Strike
2-2: Fielders Choice at 2nd, 5-4 (Groundball, 5, EV 82.5 MPH)
Batting: RHB Chris William 0-0: Ball
1-0: Called Strike
1-1: Ball
2-1: Swinging Strike
2-2: Foul Ball, location: 9LMF
2-2: DOUBLE (Line Drive, 9LM, EV 103.1 MPH)
Christian Gibbons to third
Runner from 3rd tries for Home, SAFE, no throw by RF
Batting: RHB John Cobb 0-0: Fly out, F3 (Popup, 3F, EV 61.9 MPH)
Bottom of the 2nd over - 1 run, 1 hit, 0 errors, 1 left on base; New York 1 - Los Angeles 1
TOP OF THE 3RD
New York Mets batting - Pitching for Los Angeles Dodgers : RHP Bo Miller
Batting: RHB José Ramírez 0-0: Swinging Strike
0-1: Called Strike
0-2: Ground out 6-3 (Groundball, 6, EV 98.8 MPH)
Batting: RHB David López 0-0: Called Strike
0-1: Swinging Strike
0-2: Ball
1-2: Strikes out swinging
Batting: LHB Gustavo Costello 0-0: Ball
1-0: Ball
2-0: Called Strike
2-1: Ball
3-1: Foul Ball, location: 7LDF
3-2: Foul Ball, location: 9LDF
3-2: Fly out, F9 (Flyball, 9, EV 91.9 MPH)
Top of the 3rd over - 0 runs, 0 hits, 0 errors, 0 left on base; New York 1 - Los Angeles 1
BOTTOM OF THE 3RD
Los Angeles Dodgers batting - Pitching for New York Mets : RHP James Reeves
Batting: RHB Sam Jackson 0-0: Called Strike
0-1: Swinging Strike
0-2: Ball
1-2: Ball
2-2: Ground out 6-3 (Groundball, 6, EV 85.6 MPH)
Batting: RHB Emílio Méndez 0-0: Ball
1-0: Called Strike
1-1: Ball
2-1: Foul Ball, location: 2F
2-2: SINGLE (Groundball, 6MD, EV 96.9 MPH)
Batting: RHB Enrique Castillo 0-0: Ball
1-0: Ball
2-0: Foul Ball, location: 2F
2-1: Grounds into double play, 4-6-3 (Groundball, 4, EV 101.3 MPH)
Bottom of the 3rd over - 0 runs, 1 hit, 0 errors, 0 left on base; New York 1 - Los Angeles 1
TOP OF THE 4TH
New York Mets batting - Pitching for Los Angeles Dodgers : RHP Bo Miller
Batting: RHB Rich Stairs 0-0: Foul Ball, location: 2F
0-1: Fly out, F9 (Flyball, 89S, EV 88.8 MPH)
Batting: LHB Bob Mack 0-0: Called Strike
0-1: SINGLE (Groundball, 4, EV 83.1 MPH) (infield hit)
Batting: RHB Yoriyuki Iwata 0-0: Grounds into double play, 6-4-3 (Groundball, 6, EV 81.3 MPH)
Top of the 4th over - 0 runs, 1 hit, 0 errors, 0 left on base; New York 1 - Los Angeles 1
BOTTOM OF THE 4TH
Los Angeles Dodgers batting - Pitching for New York Mets : RHP James Reeves
Batting: RHB Andrés Ortíz 0-0: Called Strike
0-1: Swinging Strike
0-2: Strikes out swinging
Batting: LHB Marcos Miró 0-0: Ball
1-0: Ball
2-0: Foul Ball, location: 7LMF
2-1: Ball
3-1: Foul Ball, location: 2F
3-2: Foul Ball, location: 25FF
3-2: Base on Balls
Batting: RHB Anastasio Barrera 0-0: Ball
Pickoff Play to 1st, Runner tries for 2nd, OUT after rundown.
1-0: SINGLE (Line Drive, 9LS, EV 98.8 MPH)
Batting: RHB Christian Gibbons 0-0: Foul Ball, location: 23F
0-1: Foul Ball, location: 25F
0-2: Fly out, F8 (Flyball, 78M, EV 95.6 MPH)
Bottom of the 4th over - 0 runs, 1 hit, 0 errors, 1 left on base; New York 1 - Los Angeles 1
TOP OF THE 5TH
New York Mets batting - Pitching for Los Angeles Dodgers : RHP Bo Miller
Now at 2B: Brian Armstrong
Now at SS: Sam Jackson
Now in CF: Kuniyuki Minami
Now in RF: Enrique Pérez
Batting: LHB Pablo Sánchez 0-0: Foul Ball, location: 9LSF
0-1: Called Strike
0-2: Ball
1-2: Ball
2-2: Ball
3-2: Base on Balls
Batting: RHB Jack McConnell 0-0: Ball
1-0: Foul Ball, location: 2F
1-1: Ball
2-1: Foul Ball, location: 7LMF
2-2: Ball
3-2: Foul Ball, location: 3FF
3-2: Reached on error, E5 (Groundball, 56, EV 100.6 MPH)
Pablo Sánchez to second
Batting: RHB Jerome Morales 0-0: Ball
1-0: Ball
2-0: Fly out, F9 (Line Drive, 9, EV 86.3 MPH)
Batting: RHB José Ramírez 0-0: Fly out, F8 (Line Drive, 8LS, EV 108.8 MPH)
Pinch Hitting: RHB Gerald McCoy 0-0: Fly out, F7 (Flyball, 7, EV 81.9 MPH)
Top of the 5th over - 0 runs, 0 hits, 1 error, 2 left on base; New York 1 - Los Angeles 1
BOTTOM OF THE 5TH
Los Angeles Dodgers batting - Pitching for New York Mets : RHP James Reeves
Pitching: LHP Ben Harris
Now at 1B: Eric Figgitt
Batting: RHB Chris William 0-0: Ball
1-0: Ball
2-0: Ball
3-0: Base on Balls
Batting: RHB John Cobb 0-0: Called Strike
0-1: Swinging Strike
0-2: Strikes out swinging
Batting: RHB Sam Jackson 0-0: Called Strike
0-1: Ball
1-1: Foul Ball, location: 7LMF
1-2: Foul Ball, location: 2F
1-2: Foul Ball, location: 2F
1-2: Foul Ball, location: 2F
1-2: Foul Ball, location: 9LMF
1-2: Strikes out swinging
Batting: RHB Enrique Pérez 0-0: Ball
1-0: Fielders Choice at 2nd, 6-4 (Groundball, 6, EV 105.0 MPH)
Bottom of the 5th over - 0 runs, 0 hits, 0 errors, 1 left on base; New York 1 - Los Angeles 1
TOP OF THE 6TH
New York Mets batting - Pitching for Los Angeles Dodgers : RHP Bo Miller
Pitching: RHP Esteban Chávez
Now at C: Jeff Armstrong
Now at 3B: Adrián Cervantes
Now in LF: Dave Zaragoza
Pinch Hitting: SHB Tsuneari Yamaguchi 0-0: Swinging Strike
0-1: Ball
1-1: Ball
2-1: Ball
3-1: Fly out, F5 (Popup, 25F, EV 93.8 MPH)
Batting: RHB Rich Stairs 0-0: Ball
1-0: Ball
2-0: Ball
3-0: Ground out 5-3 (Groundball, 56, EV 86.9 MPH)
Batting: LHB Bob Mack 0-0: Called Strike
0-1: Foul Ball, location: 2F
0-2: Ground out 4-3 (Groundball, 4, EV 85.0 MPH)
Top of the 6th over - 0 runs, 0 hits, 0 errors, 0 left on base; New York 1 - Los Angeles 1
BOTTOM OF THE 6TH
Los Angeles Dodgers batting - Pitching for New York Mets : LHP Ben Harris
Pitching: RHP Steve Swift
Now in CF: Tsuneari Yamaguchi
Batting: RHB Adrián Cervantes 0-0: Ball
1-0: Ball
2-0: Called Strike
2-1: Ground out 6-3 (Groundball, 56, EV 82.5 MPH)
Pinch Hitting: LHB Phil Hubbard 0-0: Foul Ball, location: 3F
0-1: Fly out, F8 (Flyball, 8LXD, EV 111.3 MPH)
Batting: LHB Kuniyuki Minami 0-0: Ball
1-0: Called Strike
1-1: Ball
2-1: Ball
3-1: Foul Ball, location: 9LMFF
3-2: SINGLE (Line Drive, 6M, EV 95.6 MPH)
Batting: LHB Bradley Richards 0-0: Foul Ball, location: 3SF
0-1: Ball
1-1: Foul Ball, location: 2F
1-2: Foul Ball, location: 9LSF
1-2: Fly out, F9 (Flyball, 9LSF, EV 100.0 MPH)
Bottom of the 6th over - 0 runs, 1 hit, 0 errors, 1 left on base; New York 1 - Los Angeles 1
TOP OF THE 7TH
New York Mets batting - Pitching for Los Angeles Dodgers : RHP Esteban Chávez
Pitching: RHP Juan Lucero
Now at 1B: Phil Hubbard
Batting: RHB Yoriyuki Iwata 0-0: Called Strike
0-1: Called Strike
0-2: DOUBLE (Flyball, 8RXD, EV 94.4 MPH)
Batting: LHB Pablo Sánchez 0-0: Ball
1-0: Ball
2-0: Ground out U3 (Groundball, 34S, EV 69.4 MPH)
Yoriyuki Iwata to third
Batting: RHB Jack McConnell 0-0: Ball
1-0: Swinging Strike
1-1: Ball
2-1: Ball
3-1: Called Strike
3-2: Foul Ball, location: 25F
3-2: DOUBLE (Flyball, 8RXD, EV 105.0 MPH)
Yoriyuki Iwata scores
Batting: RHB Jerome Morales 0-0: Ball
1-0: DOUBLE (Flyball, 8LD, EV 98.8 MPH)
Jack McConnell scores
Batting: RHB José Ramírez 0-0: Called Strike
0-1: Ball
1-1: Ball
2-1: Ball
3-1: Base on Balls
Batting: RHB Eric Figgitt 0-0: Ball
1-0: Swinging Strike
1-1: Ball
2-1: Ball
3-1: Base on Balls
Jerome Morales to third
José Ramírez to second
Batting: SHB Tsuneari Yamaguchi 0-0: Ball
1-0: Called Strike
1-1: Ball
2-1: Swinging Strike
2-2: Ball
3-2: Strikes out looking
Pitching: RHP Lorenzo Crespo
Batting: RHB Rich Stairs 0-0: Foul Ball, location: 2F
0-1: Ball
1-1: Ground out 6-3 (Groundball, 6S, EV 87.5 MPH)
Top of the 7th over - 2 runs, 3 hits, 0 errors, 3 left on base; New York 3 - Los Angeles 1
BOTTOM OF THE 7TH
Los Angeles Dodgers batting - Pitching for New York Mets : RHP Steve Swift
Pitching: RHP Patrick Farmer
Pinch Hitting: SHB David Gómez 0-0: Ball
1-0: SINGLE (Groundball, 56, EV 106.3 MPH)
Batting: LHB Dave Zaragoza 0-0: Ball
1-0: Ball
2-0: Foul Ball, location: 9LDF
2-1: Grounds into double play, 4-6-3 (Groundball, 4, EV 105.6 MPH)
Batting: SHB Jeff Armstrong 0-0: Ball
1-0: Ball
2-0: Foul Ball, location: 2F
2-1: Called Strike
2-2: Ball
3-2: Base on Balls
Batting: RHB Sam Jackson 0-0: Foul Ball, location: 25F
0-1: DOUBLE (Line Drive, 7LS, EV 99.4 MPH)
Jeff Armstrong to third
Runner from 3rd tries for Home, SAFE, throw by LF to home
Batting: RHB Enrique Pérez 0-0: Called Strike
0-1: TRIPLE (Line Drive, 78XD, EV 97.5 MPH)
Sam Jackson scores
Batting: RHB Adrián Cervantes 0-0: Ball
1-0: Ground out 5-3 (Groundball, 56, EV 106.9 MPH)
Bottom of the 7th over - 2 runs, 3 hits, 0 errors, 1 left on base; New York 3 - Los Angeles 3
TOP OF THE 8TH
New York Mets batting - Pitching for Los Angeles Dodgers : RHP Lorenzo Crespo
Pitching: RHP Dave Wilson
Now at 2B: Terry Matos
Batting: LHB Bob Mack 0-0: Ball
1-0: Fly out, F8 (Flyball, 8RXD, EV 104.4 MPH)
Batting: RHB Yoriyuki Iwata 0-0: Called Strike
0-1: Called Strike
0-2: Ground out 4-3 (Groundball, 4, EV 88.1 MPH)
Batting: RHB Howard Williams 0-0: Ball
1-0: Fly out, F9 (Flyball, 9D, EV 78.8 MPH)
Top of the 8th over - 0 runs, 0 hits, 0 errors, 0 left on base; New York 3 - Los Angeles 3
BOTTOM OF THE 8TH
Los Angeles Dodgers batting - Pitching for New York Mets : RHP Patrick Farmer
Batting: LHB Phil Hubbard 0-0: SINGLE (Flyball, 89S, EV 93.1 MPH)
Batting: LHB Kuniyuki Minami 0-0: Called Strike
0-1: Ball
1-1: Foul Ball, location: 9LSF
1-2: Foul Ball, location: 7LMF
1-2: Foul Ball, location: 9LMF
1-2: Foul Ball, location: 7LMF
1-2: Fly out, F5 (Popup, 5F, EV 65.6 MPH)
Batting: LHB Bradley Richards 0-0: Ball
1-0: Fly out, F7 (Flyball, 78M, EV 98.1 MPH)
Batting: RHB Terry Matos 0-0: Ball
1-0: Swinging Strike
1-1: Foul Ball, location: 2F
1-2: Ball
2-2: Foul Ball, location: 23FF
2-2: Strikes out swinging
Bottom of the 8th over - 0 runs, 1 hit, 0 errors, 1 left on base; New York 3 - Los Angeles 3
TOP OF THE 9TH
New York Mets batting - Pitching for Los Angeles Dodgers : RHP Dave Wilson
Pitching: LHP Markus Banks
Batting: RHB Jack McConnell 0-0: Ball
1-0: Called Strike
1-1: Foul Ball, location: 2F
1-2: SINGLE (Flyball, 9LS, EV 93.1 MPH)
Batting: RHB Jerome Morales 0-0: Fly out, F3 (Line Drive, 34, EV 63.1 MPH)
Batting: RHB José Ramírez 0-0: Ball
1-0: Called Strike
1-1: Ball
2-1: SINGLE (Groundball, 4MD, EV 98.1 MPH)
Jack McConnell to second
Runner from 2nd tries for 3rd, SAFE, no throw by CF
Batting: RHB Eric Figgitt 0-0: Ball
1-0: Fielders Choice at home, 6-2 (Groundball, 6, EV 88.8 MPH)
José Ramírez to second
Batting: SHB Tsuneari Yamaguchi 0-0: Called Strike
0-1: Called Strike
0-2: Strikes out looking
Top of the 9th over - 0 runs, 2 hits, 0 errors, 2 left on base; New York 3 - Los Angeles 3
BOTTOM OF THE 9TH
Los Angeles Dodgers batting - Pitching for New York Mets : RHP Patrick Farmer
Pitching: LHP Chris Cooley
Pinch Hitting: RHB Henry Bradley 0-0: Ball
1-0: Called Strike
1-1: Ball
2-1: Ball
3-1: Base on Balls
Pinch Hitting: RHB Harold Bryant 0-0: Fly out, F1 (Line Drive, P, EV 67.5 MPH)
Batting: RHB Sam Jackson 0-0: Called Strike
0-1: Foul Ball, location: 9LDF
0-2: Fly out, F8 (Line Drive, 8RD, EV 97.5 MPH)
Pinch Hitting: LHB Yin-fat Meng 0-0: Foul Ball, location: 9LMF
0-1: Ball
1-1: Ball
2-1: Swinging Strike
2-2: Ball
3-2: Strikes out swinging
Bottom of the 9th over - 0 runs, 0 hits, 0 errors, 1 left on base; New York 3 - Los Angeles 3
Monday, April 1st , 2024 - OOTP Baseball 24.10 Build 82